[Event "Satranc Arena IM Series-1 2024"]
[Site "Izmir"]
[Date "2024.03.19"]
[Round "3.1"]
[White "Kuru, Atilla"]
[Black "Aydin, Gulenay"]
[Result "1/2-1/2"]
[ECO "B86"]
[WhiteElo "2246"]
[BlackElo "2152"]
[Annotator "TA"]
[PlyCount "102"]
[EventDate "2024.03.18"]
[EventCountry "TUR"]
[SourceTitle "playchess.com"]
[Source "ChessBase"]
[SourceQuality "1"]
[TimeControl "5400+30"]

1. e4 d6 2. Nc3 Nf6 3. Bc4 c5 4. Nge2 e6 5. d4 cxd4 6. Nxd4 Be7 7. Be3 a6 8. a3 Nc6 9. O-O Bd7 10. f4 Rc8 11. Qe2 O-O 12. Kh1 ({Besser ist} 12. Ba2 $11) 12... Re8 (12... Nxe4 $15 13. Nxe4 d5 14. Bxd5 (14. Nxc6 Bxc6 15. Rad1 Qe8 $15) 14... exd5) 13. Bd3 $11 e5 14. Nxc6 Bxc6 15. Rad1 Qc7 16. Qf3 b5 17. g4 (17. fxe5 {ist eher angebracht.} dxe5 18. g4) 17... exf4 18. Bxf4 Bf8 19. Bg5 Re6 20. Bxf6 (20. Nd5 $11 Nxd5 21. exd5) 20... Rxf6 $17 21. Qg3 Rxf1+ 22. Rxf1 Re8 23. Rf5 g6 24. Nd5 Bxd5 25. Rxd5 Re5 26. Qe3 (26. Rxe5 $15 {kam in Betracht.} dxe5 27. Kg2) 26... Rxd5 27. exd5 {[%emt 0:00:05][%mdl 4096] Endspiel. KQB-KQB} Qc8 28. h3 Bg7 29. c3 Be5 30. Kg2 Qb7 31. Qe4 Qb6 ({Vorzuziehen ist} 31... Qe7 $17 32. c4 bxc4 33. Bxc4 Qh4) 32. Qf3 (32. g5 $11) 32... Qc5 33. h4 Qc7 (33... a5 {ist vielschichtiger.} 34. Qe4 b4 35. axb4 axb4 36. cxb4 Qc1) 34. g5 Qd8 35. Qg4 h5 36. gxh6 {[%emt 0:03:39] Droht h5 und aus. Die Stellung ist ausgeglichen.} Kh7 37. h5 Qf6 38. hxg6+ fxg6 39. Qe6 Qg5+ 40. Kf1 Kxh6 41. Qg8 Bg7 42. Qe8 Qf4+ ({Schlechter ist} 42... Qxd5 43. Qxg6#) 43. Ke2 {[%csl Gd3][%cal Re8g6] [#]} Qe5+ 44. Qxe5 Bxe5 $11 {KB-KB} 45. Kf3 Kg5 46. Bc2 Kf6 47. a4 b4 48. cxb4 Bxb2 49. Bd3 Bc3 50. b5 axb5 51. axb5 Bd4 {Gewichteter Fehlerwert: Weiß=0.12 (sehr präzise) /Schwarz=0.10 (sehr präzise) .  Fehler:       	Weiß=5     	Schwarz=2     Ungenau:       	---       	Schwarz=4     OK:         	Weiß=19    	Schwarz=18    Bester:       	Weiß=3     	---} 1/2-1/2

[Event "Satranc Arena IM Series-1 2024"]
[Site "Izmir"]
[Date "2024.03.19"]
[Round "3.2"]
[White "Yalcinkaya, Efe"]
[Black "David, Alexandru-Vasile"]
[Result "0-1"]
[ECO "B48"]
[WhiteElo "2085"]
[BlackElo "2360"]
[Annotator "RC"]
[PlyCount "102"]
[EventDate "2024.03.18"]
[EventCountry "TUR"]
[SourceTitle "playchess.com"]
[Source "ChessBase"]
[SourceQuality "1"]
[TimeControl "5400+30"]

1. e4 c5 2. Nf3 e6 3. d4 cxd4 4. Nxd4 Nf6 5. Nc3 Nc6 6. a3 d6 7. Be3 Be7 8. Be2 O-O 9. O-O Bd7 10. f4 a6 11. Kh1 Qc7 12. Qe1 Nxd4 13. Bxd4 Bc6 14. Qg3 g6 15. Bf3 Rad8 16. f5 e5 17. Be3 b5 18. Bg5 Kg7 19. Rad1 Ng8 20. Be3 Kh8 21. Qf2 Rc8 22. g4 Qb7 23. g5 f6 24. fxg6 fxg5 25. Qg2 hxg6 26. Bxg5 Bxg5 27. Qxg5 Rf6 28. Bg2 Rcf8 29. Rxf6 Rxf6 30. Rd3 b4 31. axb4 Qxb4 32. Qc1 Kg7 33. h3 Rf2 34. Rf3 Rxf3 35. Bxf3 Nf6 36. Qd2 a5 37. Qd3 Qxb2 38. Qxd6 Qxc3 39. Qe7+ Kh6 40. Qxf6 Qe1+ 41. Kh2 Qd2+ 42. Kh1 Qc1+ 43. Kh2 Qf4+ 44. Qxf4+ exf4 45. c4 a4 46. Bd1 a3 47. Bb3 Bxe4 48. c5 Kg5 49. Kg1 Kf6 50. Kf2 Ke5 51. Ke2 Bd5 0-1

[Event "Satranc Arena IM Series-1 2024"]
[Site "Izmir"]
[Date "2024.03.19"]
[Round "3.3"]
[White "Gunduz, Umut Erdem"]
[Black "Yermolinsky, Alex"]
[Result "1/2-1/2"]
[ECO "B19"]
[WhiteElo "2314"]
[BlackElo "2421"]
[Annotator "TA"]
[PlyCount "111"]
[EventDate "2024.03.18"]
[EventCountry "TUR"]
[SourceTitle "playchess.com"]
[Source "ChessBase"]
[SourceQuality "1"]
[TimeControl "5400+30"]

1. e4 c6 2. d4 d5 3. Nc3 dxe4 4. Nxe4 Bf5 5. Ng3 Bg6 6. h4 h6 7. Nf3 Nd7 8. h5 Bh7 9. Bd3 Bxd3 10. Qxd3 e6 11. Bf4 Qa5+ 12. Bd2 Bb4 13. c3 Be7 14. Ne4 Ngf6 15. c4 Qc7 16. Bc3 Nxe4 17. Qxe4 Nf6 18. Qe2 O-O 19. Ne5 a5 20. g4 Nd7 21. Nf3 Bb4 22. g5 hxg5 23. Nxg5 Qf4 24. Qe3 Qxe3+ 25. fxe3 e5 26. O-O-O Bxc3 $1 27. bxc3 exd4 {[%emt 0:02:21] [#]} (27... Rae8 $1 $11 {hält das Gleichgewicht.}) 28. exd4 ({Jedoch nicht} 28. cxd4 Rfe8 $11) (28. h6 $1 $16 {[%cal Rh6g7] Und jetzt hxg7 wäre schön.} g6 29. cxd4) 28... Rae8 $11 29. h6 {[%emt 0:03:39] Droht hxg7 und aus.} f6 30. hxg7 Kxg7 31. Rh7+ Kg6 32. Rxd7 fxg5 33. Rxb7 {[%emt 0:00:03][%mdl 4096] Endspiel. KRR-KRR} Rf3 34. d5 (34. Kb2 $11) 34... Rxc3+ $15 35. Kb2 Rxc4 36. d6 Rd8 37. Kb3 Rc5 {[%emt 0:00:08] Weiss muss nun ...Rd5 beachten.} 38. Ka4 Rd5 (38... g4 $15) 39. Rxd5 $11 {[%emt 0:00:49] Die Stellung ist ausgeglichen.} cxd5 {[%emt 0:00:02] KR-KR} 40. d7 Kf7 41. Kb5 Ke7 42. Kc6 (42. Kxa5 $2 {ist das falsche Schlagen.} Rxd7 43. Rb5 g4 $19) 42... g4 43. Rb2 {[%emt 0:05:36] [#] Weiss droht Re2+ und Matt.} Rxd7 44. Re2+ Kd8 45. Rg2 Rg7 46. Kxd5 Kc7 47. Ke5 Kc6 {[%emt 0:01:29] Zielt auf ...g3 ab.} 48. Kf6 ({Doch nicht} 48. Kf4 Kb5 $15) 48... Rg8 49. Kf7 Rb8 50. Rxg4 Rb2 51. a4 Rb4 52. Rg6+ Kd7 {[%emt 0:00:29] ...Rf4+ ist eine echte Drohung.} 53. Kf6 Kd6 {[%emt 0:00:11][%cal Ob4c4] Und ...Rc4! würde nun gewinnen.} 54. Kf7+ Kc7 55. Ke6 Rxa4 56. Kd5 {[%emt 0:00:01] Gewichteter Fehlerwert: Weiß=0.07 (makellos) /Schwarz=0.07 (makellos) .  Fehler:       	Weiß=2     	Schwarz=2     OK:         	Weiß=24    	Schwarz=17    Bester:       	Weiß=5     	Schwarz=4     Stark:        	---       	Schwarz=1} 1/2-1/2

[Event "Satranc Arena IM Series-1 2024"]
[Site "Izmir"]
[Date "2024.03.19"]
[Round "3.4"]
[White "Kazimova, Narmin"]
[Black "Ozsakallioglu, Okan"]
[Result "0-1"]
[ECO "A21"]
[WhiteElo "2147"]
[BlackElo "2365"]
[Annotator "TA"]
[PlyCount "80"]
[EventDate "2024.03.18"]
[EventCountry "TUR"]
[SourceTitle "playchess.com"]
[Source "ChessBase"]
[SourceQuality "1"]
[TimeControl "5400+30"]

1. c4 e5 2. Nc3 Bb4 3. g3 Bxc3 4. dxc3 d6 5. Bg2 Nf6 6. Nf3 Nc6 7. O-O h6 8. Nd2 {[%emt 0:06:30] The position is equal.} Be6 9. e4 Qd7 10. Re1 Bh3 11. Nf1 Ne7 12. f3 Bxg2 13. Kxg2 O-O-O 14. a4 Nh7 15. a5 f5 16. a6 {[%emt 0:08:42] Hoping for axb7+.} b6 17. c5 fxe4 $15 (17... dxc5 18. Qxd7+ Rxd7 19. exf5 $11) 18. cxb6 cxb6 ({Black should play} 18... axb6 $15 19. fxe4 (19. Rxe4 Kb8 $11) 19... Kb8) 19. Rxe4 Nf6 20. Re1 g5 21. Qa4 Rhe8 (21... Rde8 {keeps more tension.} 22. Nd2 Rhf8 23. Ne4 Nxe4 24. fxe4 Qxa4 25. Rxa4 Kd7) 22. Qxd7+ (22. Ne3 {looks sharper.} h5 23. Qxd7+ Kxd7 24. Nc4) 22... Kxd7 23. c4 Nf5 24. Be3 (24. Ne3 $11 Nd4 25. Bd2) 24... g4 25. fxg4 $1 Nxg4 26. h3 Nf6 27. g4 Rg8 28. Kh2 {[%emt 0:01:02] [#]} Nxg4+ 29. hxg4 Rxg4 30. Bxb6 axb6 $19 31. a7 {[%emt 0:00:05] [#]} Ra8 (31... Rxc4 32. a8=Q (32. a8=B Rh4+ 33. Kg1 Rg8+ 34. Kf2 Nd4 $11) (32. a8=R Rc2+ 33. Kg1 Rxa8 $16) 32... Rxa8 33. Rxa8 $16) (31... Rdg8 $1 $19 32. Ra3 Rg2+ (32... Rxc4 $2 33. Ng3 $19) 33. Kh1 Rg1+ (33... Rxb2 $2 34. a8=Q $18) 34. Kh2 R1g4 (34... R8g2+ 35. Kh3 $11)) 32. Nd2 $2 (32. Ne3 $17 Nxe3 33. Rxe3) 32... Kc6 $2 (32... Rh4+ 33. Kg2 Rg8+ 34. Kf3 Nd4+ 35. Ke3 Rh3+ (35... Nc2+ $2 36. Kd3 $19) 36. Kf2 Rh2+ 37. Kf1 Ne2 (37... Rxd2 38. a8=R $17) (37... Rf8+ $2 38. Kg1 $19) 38. Rxe2 Rh1+ 39. Kf2 Rxa1) 33. Re4 (33. Re2 $142) 33... Rg7 34. Rf1 Nd4 35. Rf6 Re7 (35... Rgxa7 36. Rxe5 $15) (35... Raxa7 $19 {And now ...Ra2 would win.} 36. Re1 Ra2) 36. Nb1 $2 (36. Rh4 $1 $15) 36... Raxa7 ({Less strong is} 36... Rexa7 37. Rg4 $19) 37. Nc3 Re6 38. Rf8 (38. Rxe6 {was worth a try.} Nxe6 39. Rh4) 38... Rg7 {[%emt 0:05:21] ...Reg6 is the strong threat.} 39. Nd5 (39. Rc8+ $142 Kb7 40. Rf8) 39... Reg6 {[%emt 0:00:45] Strongly threatening ...Rg2+.} 40. b4 b5 {[%emt 0:00:39] Weighted Error Value: White=0.71/Black=0.44.  Loses game:     	White=2     	---        Missed win:     	---       	Black=1      Mistake:       	White=6     	Black=3      Inaccurate:     	White=2     	Black=3      OK:         	White=5     	Black=14     Strong:       	White=1     	---} 0-1

[Event "Satranc Arena IM Series-1 2024"]
[Site "Izmir"]
[Date "2024.03.19"]
[Round "3.5"]
[White "Gur, Ali"]
[Black "Baltag, Iulian"]
[Result "0-1"]
[ECO "B25"]
[WhiteElo "1848"]
[BlackElo "2412"]
[Annotator "TA"]
[PlyCount "80"]
[EventDate "2024.03.18"]
[EventCountry "TUR"]
[SourceTitle "playchess.com"]
[Source "ChessBase"]
[SourceQuality "1"]
[TimeControl "5400+30"]

1. e4 c5 2. Nc3 d6 3. g3 Nc6 4. Bg2 g6 5. d3 Bg7 6. f4 e6 7. Nf3 Nge7 8. O-O O-O 9. Be3 Nd4 10. Rb1 e5 11. Ne2 Bg4 12. Nexd4 cxd4 {[%emt 0:00:07] The position is equal.} 13. Bd2 Qd7 14. c3 d5 15. fxe5 dxe4 (15... dxc3 {with more complications.} 16. Bxc3 Rad8 17. Qb3 dxe4 18. Ng5 Nc6) 16. dxe4 Nc6 17. cxd4 Bxf3 18. Qxf3 Qxd4+ 19. Be3 Qxe5 (19... Nxe5 {simplifies} 20. Bxd4 Nxf3+ 21. Bxf3 Bxd4+ 22. Kg2 Rad8) 20. b3 Qe6 21. Rbd1 a5 22. Bc5 Rfd8 23. Rd5 Bd4+ 24. Bxd4 Nxd4 25. Qd3 Rxd5 26. exd5 Qb6 27. Kh1 (27. Qe3 $5) 27... Re8 28. Rd1 (28. d6 $11) 28... Nf5 $15 29. d6 Nxd6 30. Qd5 {[%emt 0:02:00] [#]} (30. Qxd6 $2 Re1+ 31. Rxe1 Qxd6 32. Bxb7 Qd2 $19 (32... Qb4 $2 33. Re8+ Kg7 34. Bf3 $19)) ({Better is} 30. Bf3 Qf2 31. Rf1) 30... Qf2 $1 $17 31. Qxa5 (31. Qf3 $17 Re1+ (31... Qxa2 $2 32. Rxd6 Re1+ 33. Bf1 $18) 32. Rxe1 Qxe1+ 33. Qf1) 31... Re2 $1 $19 32. Rg1 Nf5 $40 {[%emt 0:04:18][%mdl 128] Black attacks with force.} (32... Rxa2 $2 33. Qd8+ Kg7 34. Qxd6 $18) (32... h5 $19 33. Qc3 (33. Qd8+ $2 Kh7 $19) 33... Ne4 (33... Rxa2 $2 34. Qf3 $19)) 33. g4 $2 {[%emt 0:01:18][%mdl 8192] Loses the game.} (33. Qc7 $17) 33... Nh4 (33... Rxa2 $2 34. Qd8+ Kg7 35. gxf5 $18) 34. Qc3 {[%emt 0:02:57] Repels Nf3} Nxg2 35. Qc8+ Kg7 {[%emt 0:00:08] [#] ( -> ...Qf3)} 36. Qc3+ Kf8 {[%emt 0:04:09][%cal Oe2e3] And now ...Re3! would win.} 37. Qh8+ Ke7 38. Rd1 Qb6 ({And not} 38... Rxa2 39. Qe5+ Kf8 40. Rd8#) (38... Re1+ $142 39. Rxe1+ Nxe1 40. Qe5+ Kd7 41. Qd5+ Kc8 42. h4 Nf3 (42... Qxh4+ $2 43. Kg1 $19) 43. Qc4+ Kd8 44. Qd3+ Ke8 (44... Nd4 $2 45. h5 $19) 45. Qe4+ Kf8 46. Qxf3 Qxf3+ 47. Kh2 Qxg4 48. a4 f5 (48... Qxh4+ {gets mated.} 49. Kg2 Qe4+ 50. Kf1 f5 51. a5 Qc2 52. a6 bxa6 53. Ke1 f4 54. Kf1 f3 55. b4 Qg2+ 56. Ke1 Qe2#) 49. h5 gxh5 50. a5 h4 51. b4 h3 52. Kh1 Qg2#) 39. Qc3 Nh4 (39... Rxa2 40. Qe5+ Qe6 41. Qc5+ Ke8 42. Qd4 $18) 40. Rd5 {[%emt 0:04:29] Dodges f6} Qc6 {[%emt 0:42:38] Weighted Error Value: White=0.90/Black=0.44.  Loses game:     	White=2     	---        Mistake:       	White=2     	Black=1      Inaccurate:     	White=1     	Black=1      OK:         	White=6     	Black=10     Best:        	---       	Black=1      Strong:       	---       	Black=1} 0-1

[Event "Satranc Arena IM Series-1 2024"]
[Site "Izmir"]
[Date "2024.03.19"]
[Round "4.1"]
[White "Aydin, Gulenay"]
[Black "Baltag, Iulian"]
[Result "0-1"]
[ECO "B22"]
[WhiteElo "2152"]
[BlackElo "2412"]
[Annotator "TA"]
[PlyCount "180"]
[EventDate "2024.03.18"]
[EventCountry "TUR"]
[SourceTitle "playchess.com"]
[Source "ChessBase"]
[SourceQuality "1"]
[TimeControl "5400+30"]

1. e4 c5 2. c3 Nf6 3. e5 Nd5 4. Nf3 Nc6 5. Bc4 e6 6. d4 cxd4 7. cxd4 d6 8. O-O Be7 9. Bd2 Nb6 10. Bb3 dxe5 11. dxe5 {[%emt 0:00:20] Die Stellung ist ausgeglichen.} Nd4 12. Nxd4 Qxd4 13. Bc3 Qh4 14. Qf3 Rb8 15. Rd1 {[%emt 0:07:01] Schwarz sollte Rd4 verhindern.} Bd7 $1 16. Bd4 Bc6 17. Qg3 Qxg3 18. hxg3 h5 19. a4 h4 20. a5 {[%emt 0:06:18] [#]} Nd7 (20... Nc8 $6 21. g4 $11) 21. Ba4 Bxa4 22. Rxa4 hxg3 23. fxg3 Rc8 {[%emt 0:20:15] Pariert Nc3.} (23... Rh5 $17 24. Bxa7 Rc8) 24. Bxa7 (24. Na3 $15) 24... Nxe5 25. Re4 Nc6 26. Bb6 {[%emt 0:00:16] [#]} Rh5 $1 27. Ra4 (27. Rc4 $17) 27... Rb5 $19 28. Ra2 Nb4 29. Ra4 Nd5 {[%emt 0:00:23] Es drohte Nc3} 30. Bd4 Rb4 31. Rxb4 Bxb4 32. Na3 Bxa5 33. Bxg7 f6 (33... Ne3 $142 34. Rb1 Bb4) 34. Bh6 $17 Ke7 35. Kf2 Bc7 36. Kf3 Be5 37. Rd2 b6 {[%emt 0:00:20][%cal Oe5b2] Schwarz steht aktiver.} 38. Nb5 ({Vergiftet wäre} 38. Bf4 $2 Bxb2 39. Rxb2 Rc3+ 40. Kg4 Rxa3 $19) (38. g4 $142) 38... Rc4 39. Rd3 Bxb2 40. Bd2 Be5 41. Ra3 (41. g4 $142) 41... Kf7 42. Ra7+ (42. g4 $17) 42... Kg6 43. Na3 Rd4 44. Ke2 Bxg3 45. Nc2 Nf4+ 46. Bxf4 (46. Kd1 $142 Rd8 47. Ra3) 46... Rxf4 $19 {[%emt 0:00:06][%mdl 4096] Endspiel. KRB-KRN} 47. Rb7 Bf2 48. g3 Rf5 (48... Bxg3 49. Rxb6 Rf2+ 50. Kd3 $19) 49. Re7 e5 (49... Bxg3 50. Ne3 Rf2+ 51. Kd1 $17) 50. Re6 Bc5 51. Ne3 Rh5 {[%emt 0:00:22] Droht ...Kf7 und aus.} 52. Nd5 Rh2+ 53. Kd3 Rf2 54. Ke4 b5 55. Rc6 Bd4 56. Ne7+ Kg5 57. Rc8 Re2+ 58. Kd5 Kg4 59. Rg8+ Kf3 60. Rg6 Bc3 61. Rxf6+ Kxg3 62. Kc5 Rb2 {[%emt 0:01:03] ...Bb4+ ist eine echte Drohung.} 63. Kd5 b4 {[%emt 0:00:29][%cal Oe5e4] Und jetzt ...e4! wäre schön.} 64. Kc4 e4 $2 (64... Rd2 $19 {Zielt auf ...e4 ab.} 65. Re6 Kf3 66. Rf6+ Ke3 67. Nf5+ Ke2 68. Ng3+ Kd1) 65. Re6 $2 (65. Nf5+ $11 Kf3 66. Nd4+ Ke3 67. Nf5+ Kf3 68. Nd4+ Ke3 69. Nf5+ Kf2 70. Nd4+ Ke3) 65... Kf3 {[%emt 0:00:12] Weiss muss nun ...e3 beachten.} 66. Nd5 Rd2 67. Re8 {[%emt 0:00:56] Pariert Rxd5.} Rd4+ 68. Kc5 Rd1 (68... Rxd5+ $142 69. Kxd5 b3 70. Rxe4 b2 71. Rh4 b1=Q (71... b1=B 72. Rh3+ Kf4 73. Rxc3 $11) 72. Rh3+ Ke2 (72... Kg2 $2 73. Rxc3 Qf5+ 74. Kc4 $19) 73. Rxc3 Qf5+ 74. Kd4 Qd7+ 75. Kc5 Kd2 76. Rc4 Kd3 77. Rb4 Qc7+ 78. Kb5 Kc3 79. Ka6 Qc6+ 80. Rb6 Qa4+ 81. Kb7 Qd7+ 82. Kb8 Kc4 83. Rh6 Qe8+ 84. Kc7 Kc5 85. Ra6 Qe7+ 86. Kb8 Qd7 87. Ra7 Qe8+ 88. Kb7 Qe4+ 89. Kc7 Qe5+ 90. Kb7 Kb5 91. Ra2 Qd5+ 92. Kc7 Qxa2 93. Kd6 Qe2 94. Kd5 Qe3 95. Kd6 Qe4 96. Kd7 Qe5 97. Kc8 Qe7 98. Kb8 Kc6 99. Kc8 Qf8#) 69. Kc4 Bd2 $2 (69... Rxd5 $19 {bietet bessere Gewinnchancen.} 70. Rf8+ Kg3 71. Rg8+ Kf2 72. Kxd5 e3 73. Rf8+ Ke1) 70. Rf8+ $17 Ke2 71. Rf7 $2 (71. Re8 $17) 71... Rf1 $2 (71... Rc1+ 72. Kd4 e3) 72. Re7 $2 (72. Rxf1 Kxf1 73. Nxb4) 72... e3 $19 {[%emt 0:00:38] ...Rf5 wäre nun fies.} 73. Nxe3 Rf4+ {[%emt 0:00:12] Schwarz setzt Matt.} ({Schwächer ist} 73... Bxe3 74. Kxb4 Kd3 75. Re5 Bd2+ 76. Kc5 Be3+ 77. Kb4 Bd2+ 78. Kb5 $17) 74. Kb3 Bxe3 {[%emt 0:00:06] KRB-KR} 75. Re5 Rd4 76. Rb5 Bd2 77. Rh5 Bf4 78. Rh3 Bd6 79. Rh6 Rd3+ 80. Kc2 b3+ 81. Kb1 Ba3 82. Rh2+ Ke3 83. Rh3+ Kd2 84. Rh2+ Kc3 85. Rh1 Rg3 86. Rf1 Bc5 87. Rc1+ Kb4 88. Rd1 Rg1 89. Kb2 Rg2+ 90. Kb1 Ka3 {[%emt 0:00:39] Gewichteter Fehlerwert: Weiß=0.17 (sehr präzise) /Schwarz=0.08 (makellos) .  Verlustzug:     	Weiß=2     	---        Gewinn verpasst:   	---       	Schwarz=1     Fehler:       	Weiß=7     	Schwarz=3     Ungenau:       	Weiß=5     	Schwarz=4     OK:         	Weiß=17    	Schwarz=26    Bester:       	Weiß=4     	Schwarz=7     Stark:        	---       	Schwarz=2} 0-1

[Event "Satranc Arena IM Series-1 2024"]
[Site "Izmir"]
[Date "2024.03.19"]
[Round "4.2"]
[White "Ozsakallioglu, Okan"]
[Black "Gur, Ali"]
[Result "1-0"]
[ECO "B76"]
[WhiteElo "2365"]
[BlackElo "1848"]
[Annotator "TA"]
[PlyCount "143"]
[EventDate "2024.03.18"]
[EventCountry "TUR"]
[SourceTitle "playchess.com"]
[Source "ChessBase"]
[SourceQuality "1"]
[TimeControl "5400+30"]

1. e4 c5 2. Nf3 d6 3. d4 cxd4 4. Nxd4 Nf6 5. Nc3 g6 6. Be3 Bg7 7. f3 O-O 8. Qd2 Be6 9. O-O-O Nc6 10. Kb1 a6 11. Nxe6 fxe6 12. Bc4 Qd7 (12... Kf7 $16) 13. Na4 $1 $18 {[%emt 0:01:24] Und jetzt Nb6 wäre schön.} Ne5 14. Bb3 {[%emt 0:00:29] Und Nb6 würde nun gewinnen. Ein starkes Läuferpaar.} Qb5 15. Nb6 (15. Bxe6+ Kh8 $18) 15... Nfd7 $2 (15... Rad8 16. Bxe6+ Kh8) 16. Bxe6+ (16. Nxa8 Nc4 $18) 16... Kh8 17. c4 Qc6 18. Nxa8 Rxa8 19. Qd5 {[%emt 0:01:20] Qxc6 wäre nun fies.} Nf8 20. f4 Nxe6 21. fxe5 (21. Qxe6 Qxe4+ 22. Ka1 Qxe3 23. fxe5 Qxe5 24. Qxe5 Bxe5 $16) 21... Bxe5 22. h4 (22. Qxe6 Qxe4+ 23. Ka1 Bxb2+ (23... Qxe3 24. Rhe1 $16) 24. Kxb2 Qxe6 $19) 22... Nc7 23. Qxc6 bxc6 24. h5 Kg7 25. hxg6 hxg6 26. Rdf1 Rb8 27. Rf2 Ne6 28. Rh3 c5 29. Bh6+ Kg8 30. Bc1 Nd4 31. Ra3 Ra8 32. Bg5 Nc6 33. g4 Bd4 34. Rh2 (34. Rf1 $18) 34... Rf8 $16 35. Rh1 {[%emt 0:02:24] Pariert Rf1+.} (35. Rxa6 $2 Rf1+ 36. Bc1 Be3 $19) 35... Rf2 36. Bc1 (36. Rxa6 Rxb2+ 37. Kc1 Nb4 38. Ra8+ Kg7 $11) 36... a5 37. Re1 (37. Rb3 $16) 37... Kf7 $11 38. g5 Ke6 39. Rh3 Ne5 40. b3 Nc6 41. Reh1 Be5 {[%emt 0:02:45] Verhindert R3h2.} 42. Rd3 (42. Rh6 Nb4 43. a3 (43. Rxg6+ $2 Kf7 $19) 43... Na2 $17) (42. Rd1 $14 {sieht stärker aus.}) 42... Re2 43. Re3 (43. Rh6 Nb4 44. Rd2 (44. Rxg6+ $2 Kf7 $19) 44... Re1 $11) (43. Rdd1 $5) 43... Rg2 44. Rf3 (44. Rd1 $11 {bleibt in der Remisbreite.}) 44... Nb4 $1 $17 45. a3 (45. Rh6 $2 Rxa2 46. Rxg6+ Kd7 $19) 45... Na2 46. Rd1 (46. Rhh3 $2 Rg1 47. Kc2 (47. Kxa2 $2 Rxc1 $19) 47... Rxc1+ (47... Nxc1 $2 48. Rh6 $19) 48. Kd3 Rb1 $19) 46... Nc3+ 47. Rxc3 Bxc3 {[%emt 0:00:06][%mdl 4096] Endspiel. KRB-KRB} 48. Rd3 Be5 (48... Be1 $17 49. Rh3 Bg3) 49. Bd2 $15 Re2 50. Bxa5 Rxe4 51. Bd2 Kd7 52. Kc2 Rh4 53. Rf3 Bd4 54. b4 cxb4 55. axb4 Be5 56. Kb3 Rh2 57. Rd3 Kc6 58. b5+ Kb7 59. Kb4 Rh1 60. c5 Rh4+ 61. Ka5 $1 {[%emt 0:00:08] Droht c6+ und aus.} (61. Kb3 dxc5 62. Rd7+ Kb6 63. Rxe7 Bd4 $11) 61... Bd4 $2 (61... dxc5 62. Rd7+ Kc8 63. Rxe7 $16) (61... Rh8 $14) 62. c6+ $18 Kc7 {[%emt 0:00:01] [#] ( -> ...Bb6+)} 63. Be3 $1 Rh3 64. Rxd4 Rxe3 {[%emt 0:00:01] [#] KR-KR} 65. Rc4 $2 ({Weiss kommt nicht vorbei an} 65. Rd1 $1 $18 Ra3+ 66. Kb4) 65... Ra3+ $11 66. Kb4 Ra8 $2 (66... Ra7 $11) 67. Re4 $18 e5 68. Rh4 {[%emt 0:00:03] Beabsichtigt Rh7+ und Matt.} Ra1 69. Rh7+ Kc8 70. Kc4 (70. b6 Rb1+ 71. Kc4 (71. Ka5 Ra1+ 72. Kb5 Rb1+ 73. Kc4 Rxb6 $18) 71... Rxb6 $18) (70. Re7 $142 Kd8 71. Rd7+ Kc8 72. Rxd6) 70... Rb1 71. Kd5 Rxb5+ 72. Kxd6 {[%emt 0:00:04] Gewichteter Fehlerwert: Weiß=0.17 (sehr präzise) /Schwarz=0.15 (sehr präzise) .  Verlustzug:     	---       	Schwarz=2     Fehler:       	Weiß=4     	Schwarz=3     Ungenau:       	Weiß=2     	Schwarz=5     OK:         	Weiß=22    	Schwarz=22    Bester:       	Weiß=4     	Schwarz=6     Stark:        	Weiß=2     	Schwarz=1} 1-0

[Event "Satranc Arena IM Series-1 2024"]
[Site "Izmir"]
[Date "2024.03.19"]
[Round "4.3"]
[White "Yermolinsky, Alex"]
[Black "Kazimova, Narmin"]
[Result "1-0"]
[ECO "E17"]
[WhiteElo "2421"]
[BlackElo "2147"]
[Annotator "TA"]
[PlyCount "75"]
[EventDate "2024.03.18"]
[EventCountry "TUR"]
[SourceTitle "playchess.com"]
[Source "ChessBase"]
[SourceQuality "1"]
[TimeControl "5400+30"]

1. d4 Nf6 2. c4 e6 3. Nf3 b6 4. g3 Bb7 5. Bg2 Be7 6. Nc3 Ne4 7. Bd2 Bf6 8. O-O d6 9. Rc1 Nd7 10. d5 Nxd2 {[%emt 0:13:11] The position is equal.} 11. Nxd2 {[%emt 0:01:46] [#] dxe6 is the strong threat.} e5 12. b4 {[%emt 0:12:12][%cal Bb2b4,Bb4a5][%mdl 32] Black is weak on the light squares} a5 13. a3 O-O 14. Nb3 Ba6 15. Ne4 Be7 16. bxa5 f5 17. Ned2 Bf6 18. Bh3 g6 19. e4 f4 20. axb6 cxb6 21. a4 Bc8 22. Ra1 Bg7 23. Be6+ Kh8 24. Kg2 Nf6 25. Bxc8 Qxc8 26. a5 bxa5 27. Rxa5 Rxa5 28. Nxa5 Bh6 29. Nc6 ({Better is} 29. Nab3 $14) 29... Rf7 $2 (29... fxg3 $11 {and Black is okay.} 30. hxg3 Bxd2 31. Qxd2 Nxe4) 30. f3 (30. c5 $1 $18 fxg3 31. fxg3 (31. hxg3 Bxd2 32. f3 Bb4 $17) (31. cxd6 gxh2 32. Nxe5 Rf8 $16) 31... Bxd2 32. cxd6 (32. Qxd2 Nxe4 33. Qe1 Rxf1 $11)) 30... fxg3 $16 31. hxg3 {[%emt 0:00:02][%cal Oc4c5] aiming for c5!} Qa6 {[%emt 0:03:03] [#]} 32. Rf2 ({Weaker is} 32. c5 Bxd2 33. Qxd2 Nxe4 $11) ({White should try} 32. Qc2 $1 $18) 32... Be3 33. Re2 Bxd2 34. Rxd2 {[%emt 0:01:31][%cal Oc4c5] Threatens to win with c5!} Qxc4 35. Rc2 Qb5 36. Nd8 Rf8 (36... Ra7 $142) 37. Ne6 $18 Ra8 (37... Rg8 38. Qc1 Qa4) 38. Nc7 {[%emt 0:00:47][%csl LRa8,LRb5] Weighted Error Value: White=0.15 (very precise) /Black=0.34.  Loses game:     	---       	Black=1      Mistake:       	White=3     	Black=2      Inaccurate:     	---       	Black=2      OK:         	White=8     	Black=14     Best:        	White=4     	Black=1} 1-0